 Dungeon Crawl Stone Soup version 0.23-a0-38-g6d804a8 (webtiles) character file.

1068 Amnesiac the Conjurer (level 8, -8/52 HPs)
             Began as a Mummy Fire Elementalist on Aug 5, 2018.
             Was a Believer of Vehumet.
             Hit by a stone thrown by an orc warrior (16 damage)
             ... on level 6 of the Dungeon.
             The game lasted 00:11:19 (5640 turns).

Amnesiac the Conjurer (Mummy Fire Elementalist)     Turns: 5640, Time: 00:11:20

Health: -8/52      AC:  3    Str: 12    XL:     8   Next: 7%
Magic:  14/15      EV: 12    Int: 16    God:    Vehumet [**....]
Gold:   383        SH:  0    Dex: 12    Spells: 1/17 levels left

rFire    x . .     SeeInvis .   a - +0 hunting sling
rCold    + . .     Gourm    .   (no shield)
rNeg     + + +     Faith    .   k - +0 robe
rPois    ∞         Spirit   .   f - +0 helmet
rElec    .         Reflect  .   (no cloak)
rCorr    .         Harm     .   (no gloves)
MR       +....                  (no boots)
Stlth    ++........             (no amulet)
HPRegen  0.17/turn              (no ring)
MPRegen  0.14/turn              (no ring)

@: no status effects
A: no food or potions, fire vulnerability, cold resistance 1, negative energy
resistance 3, torment resistance, unbreathing
a: Renounce Religion


You were on level 6 of the Dungeon.
You worshipped Vehumet.
Vehumet was pleased with you.
You were not hungry.

You visited 2 branches of the dungeon, and saw 7 of its levels.

You collected 383 gold pieces.

Inventory:

Hand Weapons
 a - a +0 hunting sling (weapon)
 b - a +0 mace
 n - a +0 blowgun
Missiles
 l - 113 stones (quivered)
 o - 7 poisoned needles
Armour
 f - a +0 helmet (worn)
 k - a +0 robe (worn)
Wands
 g - a wand of digging (6)
Scrolls
 c - a scroll of enchant armour {!r}
 d - a scroll of noise {!r}
 e - 3 scrolls of teleportation {!r}
 h - a scroll of amnesia {!r}
 i - 3 scrolls of remove curse {!r}
 m - 2 scrolls of identify {!r}
 p - a scroll of magic mapping {!r}
 q - a scroll of fog {!r, unknown}
 r - a scroll of random uselessness {!r, unknown}
 s - a scroll of enchant weapon {!r, unknown}
 t - a scroll of immolation {!r, unknown}


   Skills:
 - Level 1.5 Dodging
 - Level 1.5 Stealth
 + Level 5.3 Spellcasting
 * Level 5.4 Conjurations
 * Level 5.2 Fire Magic


You had one spell level left.
You knew the following spells:

 Your Spells              Type           Power        Failure   Level  Hunger
a - Flame Tongue          Conj/Fire      ###..        1%          1    N/A
b - Stone Arrow           Conj/Erth      ##....       14%         3    N/A
d - Fireball              Conj/Fire      ###.......   41%         5    N/A
e - Sticky Flame          Conj/Fire      ###.....     16%         4    N/A
s - Conjure Flame         Conj/Fire      ###.....     4%          3    N/A

Your spell library contained the following spells:

 Spells                   Type           Power        Failure   Level  Hunger
 Throw Flame              Conj/Fire      ###...       2%          2    N/A
 Animate Dead             Necr           N/A          83%         4    N/A
 Pain                     Necr           #...         16%         1    N/A
 Animate Skeleton         Necr           N/A          16%         1    N/A
 Vampiric Draining        Necr           #.........   41%         3    N/A
 Regeneration             Chrm/Necr      #.........   41%         3    N/A
 Inner Flame              Hex/Fire       ##......     16%         3    N/A

Dungeon Overview and Level Annotations

Branches:
Dungeon (6/15)             Temple (1/1) D:5

Altars:
Ashenzari
Dithmenos
Fedhas
Gozag
Kikubaaqudgha
Makhleb
Nemelex Xobeh
Okawaru
Qazlal
Ru
Sif Muna
Trog
Uskayaw
Vehumet
Yredelemnul
The Shining One

Shops:
D:4 =


Innate Abilities, Weirdness & Mutations

You do not eat or drink.
Your flesh is vulnerable to fire.
You are immune to poison.
Your flesh is cold resistant. (rC+)
You are immune to negative energy. (rN+++)
You are immune to unholy pain and torment.
You can survive without breathing.


Message History

The orc wizard shouts!
The orc priest burns!
The orc priest barely misses you.
Unknown command.
Firing (i - inventory. (/) - cycle)
j - a sling bullet (quivered)
Press: ? - help, Shift-Dir - straight line, f/p - orc priest
Aim: an orc priest, wielding a hand axe (heavily wounded, covered in liquid flames)
You shoot a sling bullet. The sling bullet hits the orc priest!
You kill the orc priest!
Vehumet accepts your kill. The scorpion stings you.
* * * LOW HITPOINT WARNING * * *
The scorpion stings you.
* * * LOW HITPOINT WARNING * * *
You see here 2 stones.
The orc wizard gestures wildly while chanting.
The orc wizard seems to speed up.
Really read
e - 4 scrolls of teleportation {!r}?
As you read the scroll of teleportation {!r}, it crumbles to dust.
You feel strangely unstable.
Your surroundings suddenly seem different.
Found a scroll labeled SYCZUM LUNGI.
Your magical contamination has completely faded away.
You start resting.
Magic restored.
There is a stone staircase leading up here.
The ogre is too close now for your liking.
An ogre is nearby!
Firing (i - inventory)
l - 116 stones (quivered)
Press: ? - help, Shift-Dir - straight line, f - ogre
Aim: an ogre, wielding a giant club (hasn't noticed you)
You shoot a stone. The ogre shouts!
The stone hits the ogre.
The ogre is lightly wounded.
Firing (i - inventory)
l - 115 stones (quivered)
Press: ? - help, Shift-Dir - straight line, f/p - ogre
Aim: an ogre, wielding a giant club (lightly wounded)
You shoot a stone. The stone closely misses the ogre.
Casting: Sticky Flame (slightly dangerous; 16% risk of failure)
Confirm with . or Enter, or press ? or * to list all spells.
You can't see any susceptible monsters within range! (Use Z to cast anyway.) Firing (i - inventory)
l - 114 stones (quivered)
Press: ? - help, Shift-Dir - straight line, f/p - ogre
Aim: an ogre, wielding a giant club (lightly wounded)
You shoot a stone. The stone hits the ogre.
The ogre is lightly wounded.
Casting: Sticky Flame (slightly dangerous; 16% risk of failure)
Confirm with . or Enter, or press ? or * to list all spells.
Aiming: Flame Tongue (safe; 1% risk of failure)
Press: ? - help, Shift-Dir - straight line, f/p - ogre
Aim: an ogre, wielding a giant club (lightly wounded)
The flame tongue hits the ogre.
The ogre is lightly wounded.
Casting: Flame Tongue (safe; 1% risk of failure)
Confirm with . or Enter, or press ? or * to list all spells.
Okay, then.
The orc warrior shouts!
The orc warrior throws a stone.
The stone hits you!
* * * LOW HITPOINT WARNING * * *
You see here a stone.
The orc warrior throws a stone.
The stone barely misses you.
Okay, then.
The orc warrior throws a stone.
The stone hits you!
You die...

# . #. #. . . .# # #.
.# ######.####### .#
# #....#.......##.###
#....###..>........
#.....o..#####..##.
#.@...#### #..#..
#...(.O.# ###..#..
#(...##.# #.......
#....#..# #.......
######.####........
#O#........##.
###.#.#..###.#..
####..(#.?.##....).
................####.


You could see an orc warrior and an ogre.

Vanquished Creatures
  2 ogres
  A centaur (D:5)
  3 scorpions
  A water moccasin skeleton (D:4)
  A bullfrog skeleton (D:6)
  3 hounds (D:4)
  3 jellies (D:4)
  2 orc priests (D:6)
  A centaur skeleton (D:6)
  2 worker ants (D:4)
  A killer bee zombie (D:6)
  A worker ant zombie (D:5)
  Robin (D:3)
  A howler monkey skeleton (D:5)
  3 gnolls (D:3)
  5 adders
  A shadow imp (D:4)
  10 oozes
  A worm (D:3)
  3 dart slugs
  7 leopard geckos
  5 orcs
  A ball python (D:2)
  2 giant cockroaches
  7 goblins
  12 hobgoblins
  3 jackals (D:3)
  10 kobolds
  2 quokkas
  6 bats
  7 frilled lizards
  A jackal skeleton (D:4)
  2 rats
111 creatures vanquished.

Vanquished Creatures (others)
  A fungus (D:4)
  7 toadstools (D:4)
8 creatures vanquished.

Grand Total: 119 creatures vanquished

Notes
Turn   | Place    | Note
-------+----------+-------------------------------------------
     0 | D:1      | Amnesiac the Mummy Fire Elementalist began the quest for the Orb.
     0 | D:1      | Reached XP level 1. HP: 13/13 MP: 4/4
    24 | D:1      | Reached skill level 1 in Conjurations
   243 | D:2      | Reached XP level 2. HP: 14/19 MP: 3/5
   549 | D:3      | Noticed Robin
   619 | D:3      | Killed Robin
   711 | D:4      | Noticed an ogre
   745 | D:4      | Reached XP level 3. HP: 20/24 MP: 0/7
   750 | D:4      | Learned a level 3 spell: Conjure Flame
   861 | D:5      | Entered Level 5 of the Dungeon
   861 | D:5      | Found a staircase to the Ecumenical Temple.
   870 | Temple   | Entered the Ecumenical Temple
   893 | Temple   | Became a worshipper of Vehumet
  1027 | D:1      | Reached XP level 4. HP: 30/30 MP: 5/8
  1033 | D:1      | Learned a level 4 spell: Sticky Flame
  2666 | D:3      | Reached XP level 5. HP: 35/35 MP: 6/9
  2715 | D:3      | Reached * piety under Vehumet
  2715 | D:3      | Offered knowledge of Shock by Vehumet.
  2752 | D:3      | Found a blossoming altar of Fedhas.
  3187 | D:4      | Reached XP level 6. HP: 28/41 MP: 6/11
  3277 | D:4      | Found a shadowy altar of Dithmenos.
  3361 | D:4      | Found Avaocleq's Jewellery Emporium.
  3565 | D:4      | Learned a level 5 spell: Fireball
  4251 | D:4      | Offered knowledge of Sting by Vehumet.
  4263 | D:4      | Reached ** piety under Vehumet
  4322 | D:4      | Reached XP level 7. HP: 46/46 MP: 10/13
  4681 | D:5      | Reached skill level 5 in Spellcasting
  4681 | D:5      | Reached skill level 5 in Conjurations
  4809 | D:5      | Reached skill level 5 in Fire Magic
  5518 | D:6      | Offered knowledge of Stone Arrow by Vehumet.
  5529 | D:6      | Reached XP level 8. HP: 18/52 MP: 4/15
  5535 | D:6      | Learned a level 3 spell: Stone Arrow
  5640 | D:6      | Hit by a stone thrown by an orc warrior

Vault maps used:
D:1:      lightli_arrival_noodles
D:3:      fedhas_altar_1, uniq_robin
D:4:      cheibrodos_fertilizer, serial_shops, shop, grunt_dithmenos_shadows
D:5:      minmay_temple_entry_statues_fountains, first_ration
Temple:   grunt_wide_crystal_templ

Skill      XL: |  1  2  3  4  5  6  7 |
---------------+----------------------+-----
Conjurations   | 1 2 3 4 5 |  5.4
Spellcasting   | 3 4 5 |  5.3
Fire Magic     | 3 4 5 |  5.2
Dodging        | |  1.5
Stealth        | |  1.5

Action                   |  1- 3 |  4- 6 |  7- 9 || total
-------------------------+-------+-------+-------++-------
Melee: Unarmed           |     4 |       |       ||     4
       Mace              |     6 |    11 |       ||    17
 Fire: Hunting sling     |       |    88 |    51 ||   139
 Cast: Flame Tongue      |    38 |    88 |    33 ||   159
       Sticky Flame      |       |     5 |    12 ||    17
       Fireball          |       |     1 |       ||     1
  Use: Scroll            |     3 |     3 |     2 ||     8
Armor: Robe              |     6 |    15 |     8 ||    29
Dodge: Dodged            |    18 |    60 |    29 ||   107

Table legend:
 A = Spawn XP
 B = Non-spawn XP
 C = Spawn XP percentage of total XP
 D = Spawn monster count
 E = Non-spawn monster count
 F = Spawn count percentage of total count
 G = Total turns spent on level
                    A         B        C        D         E        F      G
               +---------+---------+-------+---------+---------+-------+---------
         Total |       0 |    1526 |   0.0 |       0 |     111 |   0.0 |  5640
               +---------+---------+-------+---------+---------+-------+---------
           D:1 |       0 |      18 |   0.0 |       0 |      11 |   0.0 |   493
           D:2 |       0 |      39 |   0.0 |       0 |      19 |   0.0 |  1171
           D:3 |       0 |     144 |   0.0 |       0 |      28 |   0.0 |  1074
           D:4 |       0 |     709 |   0.0 |       0 |      36 |   0.0 |  1801
           D:5 |       0 |     340 |   0.0 |       0 |       8 |   0.0 |   754
           D:6 |       0 |     276 |   0.0 |       0 |       9 |   0.0 |   310
               +---------+---------+-------+---------+---------+-------+---------
